2162 views
Uploaded 2023-05-16 13:44:36
Game version 1.36 (6115)
33:24 long 2on2 ladder game on (4)TwistedMeadows_S2_v1.1
Saved by Cabeelibob
2162 views
Uploaded 2023-05-16 13:44:36
Game version 1.36 (6115)
33:24 long 2on2 ladder game on (4)TwistedMeadows_S2_v1.1


56 units @ 5.5k
/ 0.9k
118 buildings @ 8.3k
/ 4.1k


| Scroll of Regeneration | 3 | 300 |
| Lesser Clarity Potion | 2 | 140 |
| total: | 5 | 440g |
| Peasant | 17 | 1275 | / | 0 |
| Footman | 2 | 270 | / | 0 |
| Mortar Team | 7 | 1260 | / | 490 |
| Flying Machine | 13 | 1300 | / | 390 |
| Goblin Zeppelin | 1 | 240 | / | 60 |
| total: | 40 | 4345g | / | 940w |
| Scout Tower | 23 | 690 | / | 460 |
| Arcane Tower | 2 | 140 | / | 100 |
| Guard Tower | 5 | 350 | / | 250 |
| Altar of Kings | 2 | 360 | / | 100 |
| Barracks | 1 | 160 | / | 60 |
| Farm | 16 | 1280 | / | 320 |
| Town Hall | 1 | 385 | / | 205 |
| Lumber Mill | 2 | 240 | / | 0 |
| Blacksmith | 1 | 140 | / | 60 |
| Arcane Vault | 1 | 130 | / | 30 |
| Workshop | 4 | 560 | / | 560 |
| Gryphon Aviary | 1 | 140 | / | 150 |
| Keep | 1 | 320 | / | 210 |
| Castle | 1 | 360 | / | 210 |
| total: | 52 | 4085g | / | 1945w |
| 0:02 | Peasant |
| 0:06 | Altar of Kings |
| 0:07 | Peasant |
| 0:12 | Peasant |
| 0:19 | Barracks |
| 0:22 | Farm |
| 0:43 | Peasant |
| 0:50 | Peasant |
| 1:16 | Farm |
| 1:17 | Farm |
| 1:18 | Peasant |
| 1:24 | Footman |
| 1:28 | Peasant |
| 1:39 | Peasant |
| 1:55 | Footman |
| 1:57 | Peasant |
| 2:08 | Farm |
| 2:18 | Storm Bolt |
| 2:28 | Peasant |
| 2:28 | Peasant |
| 2:32 | Scout Tower |
| 3:05 | Arcane Tower |
| 3:06 | Peasant |
| 3:11 | Town Hall |
| 3:22 | Scout Tower |
| 3:28 | Peasant |
| 3:35 | Lumber Mill |
| 4:03 | Storm Bolt |
| 4:16 | Arcane Tower |
| 4:44 | Bash |
| 4:47 | Keep |
| 4:50 | Peasant |
| 4:50 | Peasant |
| 4:57 | Peasant |
| 4:58 | Improved Lumber Harvesting |
| 5:04 | Bash |
| 5:50 | Peasant |
| 5:52 | Scout Tower |
| 5:52 | Scout Tower |
| 5:55 | Scout Tower |
| 5:55 | Scout Tower |
| 5:56 | Scout Tower |
| 6:25 | Guard Tower |
| 6:32 | Blacksmith |
| 6:38 | Arcane Vault |
| 6:46 | Guard Tower |
| 6:48 | Scout Tower |
| 6:49 | Guard Tower |
| 7:24 | Castle |
| 7:29 | Advanced Lumber Harvesting |
| 7:46 | Workshop |
| 8:00 | Workshop |
| 8:02 | Workshop |
| 8:03 | Altar of Kings |
| 8:04 | Farm |
| 8:06 | Farm |
| 8:07 | Farm |
| 8:08 | Farm |
| 8:21 | Scroll of Regeneration |
| 9:23 | Mortar Team |
| 9:25 | Black Gunpowder |
| 9:34 | Farm |
| 9:36 | Farm |
| 9:58 | Flak Cannons |
| 9:59 | Flare |
| 10:05 | Farm |
| 10:29 | Flying Machine Bombs |
| 10:29 | Fragmentation Shards |
| 10:46 | Holy Light |
| 10:59 | Refined Gunpowder |
| 11:22 | Mortar Team |
| 11:51 | Workshop |
| 13:31 | Flying Machine |
| 13:31 | Flying Machine |
| 13:32 | Flying Machine |
| 13:32 | Flying Machine |
| 13:35 | Imbued Gunpowder |
| 13:37 | Farm |
| 13:38 | Farm |
| 13:40 | Farm |
| 14:44 | Mortar Team |
| 15:40 | Flying Machine |
| 15:44 | Scroll of Regeneration |
| 16:10 | Iron Plating |
| 17:31 | Flying Machine |
| 17:31 | Flying Machine |
| 17:31 | Flying Machine |
| 17:31 | Flying Machine |
| 17:31 | Flying Machine |
| 17:32 | Flying Machine |
| 17:32 | Flying Machine |
| 17:53 | Goblin Zeppelin |
| 19:07 | Mortar Team |
| 19:20 | Mortar Team |
| 20:47 | Scout Tower |
| 20:48 | Scout Tower |
| 20:49 | Scout Tower |
| 20:50 | Scout Tower |
| 21:03 | Farm |
| 21:05 | Farm |
| 21:26 | Lumber Mill |
| 21:53 | Flying Machine |
| 22:00 | Guard Tower |
| 22:02 | Scout Tower |
| 22:03 | Scout Tower |
| 22:04 | Scout Tower |
| 22:05 | Improved Masonry |
| 22:13 | Storm Bolt |
| 22:14 | Storm Bolt |
| 22:16 | Divine Shield |
| 22:16 | Divine Shield |
| 23:08 | Holy Light |
| 23:21 | Guard Tower |
| 23:23 | Scout Tower |
| 23:24 | Scout Tower |
| 23:26 | Advanced Masonry |
| 24:23 | Bash |
| 24:24 | Holy Light |
| 24:28 | Scout Tower |
| 24:40 | Gryphon Aviary |
| 24:46 | Scout Tower |
| 24:49 | Bash |
| 27:40 | Scroll of Regeneration |
| 27:44 | Lesser Clarity Potion |
| 27:44 | Lesser Clarity Potion |
| 29:12 | Divine Shield |
| 30:59 | Mortar Team |
| 30:59 | Mortar Team |
| 32:49 | Scout Tower |
| 32:50 | Scout Tower |
| 32:52 | Scout Tower |
| 32:53 | Scout Tower |
| Right click | 1704 |
| Select group | 622 |
| Select | 437 |
| Misc. action | 103 |
| Build/train/purchase | 102 |
| Use ability | 87 |
| Assign group | 21 |
| Resource trade | 14 |
| Minimap ping | 12 |
| Esc | 8 |
| Item give/drop | 3 |

| Peasant | 16 | 1200 | / | 0 |
| total: | 16 | 1200g | / | 0w |
| Scout Tower | 51 | 1530 | / | 1020 |
| Arcane Tower | 10 | 700 | / | 500 |
| Guard Tower | 28 | 1960 | / | 1400 |
| Altar of Kings | 1 | 180 | / | 50 |
| Farm | 6 | 480 | / | 120 |
| Lumber Mill | 2 | 240 | / | 0 |
| Arcane Vault | 1 | 130 | / | 30 |
| Town Hall | 4 | 1540 | / | 820 |
| Gryphon Aviary | 1 | 140 | / | 150 |
| Keep | 1 | 320 | / | 210 |
| Castle | 1 | 360 | / | 210 |
| total: | 66 | 4240g | / | 2190w |
| 0:04 | Altar of Kings |
| 0:07 | Farm |
| 0:08 | Peasant |
| 0:25 | Peasant |
| 0:36 | Peasant |
| 0:51 | Scout Tower |
| 0:53 | Peasant |
| 0:58 | Lumber Mill |
| 1:06 | Peasant |
| 1:18 | Peasant |
| 1:23 | Arcane Tower |
| 1:27 | Farm |
| 1:29 | Peasant |
| 1:56 | Peasant |
| 1:59 | Improved Lumber Harvesting |
| 2:18 | Peasant |
| 2:22 | Farm |
| 2:25 | Scout Tower |
| 2:35 | Peasant |
| 2:36 | Improved Masonry |
| 2:55 | Scout Tower |
| 2:57 | Scout Tower |
| 3:01 | Guard Tower |
| 3:03 | Peasant |
| 3:03 | Peasant |
| 3:09 | Farm |
| 3:15 | Scout Tower |
| 3:19 | Scout Tower |
| 3:27 | Peasant |
| 3:31 | Guard Tower |
| 3:32 | Guard Tower |
| 3:44 | Scout Tower |
| 3:47 | Scout Tower |
| 3:50 | Guard Tower |
| 3:58 | Guard Tower |
| 4:03 | Scout Tower |
| 4:10 | Peasant |
| 4:11 | Peasant |
| 4:15 | Scout Tower |
| 4:17 | Guard Tower |
| 4:20 | Scout Tower |
| 4:21 | Guard Tower |
| 4:43 | Guard Tower |
| 4:46 | Scout Tower |
| 4:49 | Guard Tower |
| 4:52 | Scout Tower |
| 4:58 | Scout Tower |
| 5:02 | Keep |
| 5:18 | Guard Tower |
| 5:19 | Guard Tower |
| 5:21 | Scout Tower |
| 5:24 | Scout Tower |
| 5:50 | Guard Tower |
| 5:52 | Guard Tower |
| 5:59 | Scout Tower |
| 6:07 | Scout Tower |
| 6:19 | Scout Tower |
| 6:20 | Scout Tower |
| 6:25 | Scout Tower |
| 6:31 | Guard Tower |
| 6:32 | Guard Tower |
| 6:35 | Scout Tower |
| 6:58 | Guard Tower |
| 7:01 | Scout Tower |
| 7:02 | Guard Tower |
| 7:05 | Guard Tower |
| 7:12 | Guard Tower |
| 7:23 | Scout Tower |
| 7:27 | Scout Tower |
| 7:28 | Guard Tower |
| 8:16 | Guard Tower |
| 8:18 | Scout Tower |
| 8:34 | Guard Tower |
| 8:36 | Scout Tower |
| 8:46 | Holy Light |
| 8:55 | Advanced Masonry |
| 8:56 | Castle |
| 9:07 | Guard Tower |
| 9:10 | Scout Tower |
| 9:13 | Scout Tower |
| 9:26 | Scout Tower |
| 9:31 | Scout Tower |
| 9:41 | Arcane Tower |
| 9:42 | Arcane Tower |
| 10:04 | Scout Tower |
| 10:05 | Scout Tower |
| 10:06 | Arcane Tower |
| 10:07 | Arcane Tower |
| 10:09 | Scout Tower |
| 10:33 | Arcane Tower |
| 10:37 | Scout Tower |
| 10:39 | Scout Tower |
| 10:41 | Arcane Tower |
| 11:04 | Arcane Tower |
| 11:10 | Scout Tower |
| 11:10 | Scout Tower |
| 11:12 | Arcane Tower |
| 11:33 | Arcane Tower |
| 11:36 | Scout Tower |
| 11:37 | Scout Tower |
| 11:38 | Scout Tower |
| 11:38 | Scout Tower |
| 11:44 | Imbued Masonry |
| 12:11 | Guard Tower |
| 12:15 | Guard Tower |
| 12:24 | Guard Tower |
| 12:57 | Gryphon Aviary |
| 13:03 | Arcane Vault |
| 13:20 | Lumber Mill |
| 13:37 | Guard Tower |
| 19:59 | Town Hall |
| 20:07 | Town Hall |
| 24:42 | Farm |
| 25:34 | Farm |
| 28:35 | Peasant |
| 29:30 | Town Hall |
| 29:32 | Town Hall |
| 31:24 | Scout Tower |
| 31:25 | Scout Tower |
| 31:27 | Scout Tower |
| 31:28 | Scout Tower |
| 32:26 | Scout Tower |
| 32:27 | Scout Tower |
| 32:28 | Scout Tower |
| 32:28 | Scout Tower |
| 32:29 | Scout Tower |
| 32:32 | Guard Tower |
| Right click | 647 |
| Select group | 556 |
| Select | 246 |
| Build/train/purchase | 70 |
| Misc. action | 20 |
| Resource trade | 14 |
| Assign group | 6 |
| Use ability | 5 |
| Esc | 3 |
| Minimap ping | 1 |
101 units @ 14.1k
/ 2.3k
54 buildings @ 8.7k
/ 4.3k


| Potion of Healing | 3 | 450 |
| Anti-magic Potion | 1 | 100 |
| Dust of Appearance | 1 | 75 |
| Potion of Lesser Invulnerability | 1 | 150 |
| total: | 6 | 775g |
| Wisp | 20 | 1200 | / | 0 |
| Archer | 5 | 650 | / | 50 |
| Huntress | 12 | 2340 | / | 240 |
| Glaive Thrower | 3 | 630 | / | 195 |
| total: | 40 | 4820g | / | 485w |
| Ancient Protector | 8 | 1080 | / | 640 |
| Moon Well | 5 | 900 | / | 200 |
| Ancient of War | 2 | 300 | / | 120 |
| Altar of Elders | 1 | 180 | / | 50 |
| Hunter's Hall | 1 | 210 | / | 100 |
| Ancient of Wonders | 1 | 90 | / | 30 |
| Tree of Life | 4 | 1360 | / | 740 |
| Ancient of Lore | 2 | 310 | / | 290 |
| Tree of Ages | 1 | 320 | / | 180 |
| Tree of Eternity | 1 | 330 | / | 200 |
| total: | 24 | 4430g | / | 2170w |
| 0:05 | Wisp |
| 0:05 | Wisp |
| 0:18 | Moon Well |
| 0:21 | Wisp |
| 0:28 | Ancient of War |
| 0:31 | Wisp |
| 0:56 | Wisp |
| 1:03 | Altar of Elders |
| 1:05 | Wisp |
| 1:19 | Wisp |
| 1:30 | Archer |
| 1:34 | Wisp |
| 1:42 | Moon Well |
| 1:57 | Archer |
| 2:23 | Archer |
| 2:47 | Hunter's Hall |
| 2:50 | Archer |
| 3:00 | Wisp |
| 3:02 | Wisp |
| 3:26 | Archer |
| 3:38 | Mana Burn |
| 3:55 | Tree of Ages |
| 4:00 | Moon Well |
| 4:53 | Evasion |
| 4:57 | Huntress |
| 5:11 | Moon Well |
| 5:14 | Strength of the Moon |
| 5:18 | Huntress |
| 5:49 | Moon Well |
| 6:24 | Glaive Thrower |
| 6:33 | Ultravision |
| 6:35 | Moon Armor |
| 7:35 | Huntress |
| 7:36 | Moon Glaive |
| 7:58 | Entangling Roots |
| 8:01 | Ancient of War |
| 8:04 | Wisp |
| 8:04 | Wisp |
| 9:31 | Glaive Thrower |
| 9:56 | Glaive Thrower |
| 10:18 | Ancient of Wonders |
| 10:41 | Huntress |
| 11:12 | Huntress |
| 11:39 | Tree of Life |
| 11:49 | Mana Burn |
| 12:07 | Potion of Lesser Invulnerability |
| 12:41 | Huntress |
| 13:14 | Tree of Life |
| 13:27 | Improved Strength of the Moon |
| 13:53 | Wisp |
| 13:54 | Wisp |
| 13:54 | Wisp |
| 15:51 | Improved Moon Armor |
| 16:10 | Tree of Eternity |
| 16:16 | Potion of Healing |
| 16:25 | Dust of Appearance |
| 17:36 | Thorns Aura |
| 17:58 | Potion of Healing |
| 18:14 | Ancient Protector |
| 18:17 | Wisp |
| 18:17 | Wisp |
| 18:41 | Sentinel |
| 18:44 | Huntress |
| 18:44 | Huntress |
| 18:47 | Advanced Strength of the Moon |
| 20:21 | Advanced Moon Armor |
| 20:25 | Wisp |
| 20:25 | Wisp |
| 20:25 | Wisp |
| 20:36 | Ancient of Lore |
| 20:42 | Ancient of Lore |
| 20:47 | Evasion |
| 20:49 | Potion of Healing |
| 20:51 | Anti-magic Potion |
| 21:22 | Ancient Protector |
| 21:28 | Huntress |
| 21:33 | Strength of the Wild |
| 21:34 | Well Spring |
| 21:42 | Huntress |
| 22:35 | Tree of Life |
| 22:39 | Ancient Protector |
| 22:40 | Ancient Protector |
| 22:42 | Ancient Protector |
| 23:04 | Ancient Protector |
| 23:06 | Ancient Protector |
| 23:10 | Ancient Protector |
| 24:17 | Tree of Life |
| 24:49 | Huntress |
| 25:22 | Huntress |
| Right click | 795 |
| Select group | 672 |
| Select | 464 |
| Misc. action | 121 |
| Assign group | 76 |
| Build/train/purchase | 76 |
| Use ability | 30 |
| Minimap ping | 7 |
| Resource trade | 6 |
| Item give/drop | 1 |


x1)
| Scroll of Regeneration | 5 | 500 |
| Lesser Clarity Potion | 3 | 210 |
| Potion of Healing | 2 | 300 |
| Orb of Fire | 1 | 325 |
| Staff of Sanctuary | 1 | 250 |
| Potion of Mana | 1 | 200 |
| Scroll of Healing | 1 | 250 |
| Scroll of Town Portal | 4 | 1400 |
| Tome of Retraining | 1 | 300 |
| total: | 19 | 3735g |
| Peasant | 19 | 1425 | / | 0 |
| Footman | 8 | 1080 | / | 0 |
| Rifleman | 7 | 1435 | / | 210 |
| Mortar Team | 2 | 360 | / | 140 |
| Siege Engine | 17 | 3315 | / | 1020 |
| Knight | 3 | 735 | / | 180 |
| Priest | 1 | 135 | / | 10 |
| Sorceress | 1 | 155 | / | 20 |
| Goblin Shredder | 1 | 375 | / | 100 |
| Dryad | 2 | 290 | / | 120 |
| total: | 61 | 9305g | / | 1800w |
| Scout Tower | 5 | 150 | / | 100 |
| Arcane Tower | 1 | 70 | / | 50 |
| Guard Tower | 2 | 140 | / | 100 |
| Lumber Mill | 1 | 120 | / | 0 |
| Farm | 11 | 880 | / | 220 |
| Altar of Kings | 1 | 180 | / | 50 |
| Barracks | 1 | 160 | / | 60 |
| Blacksmith | 1 | 140 | / | 60 |
| Arcane Vault | 1 | 130 | / | 30 |
| Town Hall | 5 | 1925 | / | 1025 |
| Workshop | 3 | 420 | / | 420 |
| Arcane Sanctum | 1 | 150 | / | 140 |
| Keep | 1 | 320 | / | 210 |
| Castle | 1 | 360 | / | 210 |
| total: | 30 | 4255g | / | 2105w |
| 0:03 | Peasant |
| 0:04 | Peasant |
| 0:04 | Peasant |
| 0:08 | Lumber Mill |
| 0:19 | Peasant |
| 0:36 | Farm |
| 0:39 | Altar of Kings |
| 0:43 | Peasant |
| 0:51 | Farm |
| 0:59 | Barracks |
| 1:07 | Peasant |
| 1:14 | Improved Lumber Harvesting |
| 1:23 | Peasant |
| 1:37 | Peasant |
| 1:44 | Farm |
| 1:48 | Peasant |
| 2:00 | Footman |
| 2:03 | Scout Tower |
| 2:08 | Scout Tower |
| 2:15 | Peasant |
| 2:25 | Farm |
| 2:30 | Arcane Tower |
| 2:35 | Guard Tower |
| 2:38 | Summon Water Elemental |
| 2:48 | Footman |
| 3:16 | Peasant |
| 3:17 | Footman |
| 3:52 | Keep |
| 3:54 | Footman |
| 4:05 | Footman |
| 4:12 | Brilliance Aura |
| 4:39 | Footman |
| 4:52 | Blacksmith |
| 4:54 | Footman |
| 5:15 | Arcane Vault |
| 5:20 | Summon Water Elemental |
| 5:28 | Footman |
| 5:55 | Town Hall |
| 6:20 | Rifleman |
| 6:34 | Rifleman |
| 6:40 | Brilliance Aura |
| 6:57 | Rifleman |
| 7:01 | Farm |
| 7:42 | Long Rifles |
| 7:42 | Rifleman |
| 7:52 | Castle |
| 7:56 | Workshop |
| 7:59 | Arcane Sanctum |
| 8:22 | Rifleman |
| 8:26 | Peasant |
| 8:36 | Rifleman |
| 9:03 | Mortar Team |
| 9:09 | Workshop |
| 9:18 | Peasant |
| 9:18 | Peasant |
| 9:18 | Peasant |
| 9:18 | Peasant |
| 9:19 | Peasant |
| 9:29 | Rifleman |
| 9:38 | Farm |
| 9:40 | Farm |
| 9:42 | Farm |
| 9:44 | Farm |
| 10:59 | Town Hall |
| 11:13 | Scroll of Healing |
| 11:22 | Fragmentation Shards |
| 11:22 | Mortar Team |
| 11:31 | Blizzard |
| 11:39 | Tome of Retraining |
| 11:39 | Retrain Hero |
| 11:42 | Summon Water Elemental |
| 11:48 | Blizzard |
| 11:48 | Blizzard |
| 11:49 | Blizzard |
| 11:49 | Brilliance Aura |
| 13:37 | Siege Engine |
| 13:38 | Siege Engine |
| 13:38 | Siege Engine |
| 13:38 | Siege Engine |
| 13:38 | Siege Engine |
| 13:43 | Advanced Lumber Harvesting |
| 14:34 | Siege Engine |
| 14:34 | Siege Engine |
| 14:34 | Siege Engine |
| 15:09 | Workshop |
| 15:39 | Scroll of Regeneration |
| 15:39 | Lesser Clarity Potion |
| 15:45 | Scroll of Town Portal |
| 15:46 | Potion of Healing |
| 15:50 | Knight |
| 16:22 | Priest |
| 16:25 | Siege Engine |
| 16:42 | Storm Bolt |
| 16:54 | Farm |
| 16:56 | Farm |
| 17:14 | Goblin Shredder |
| 17:36 | Scroll of Regeneration |
| 17:39 | Lesser Clarity Potion |
| 17:40 | Scroll of Regeneration |
| 17:40 | Orb of Fire |
| 17:41 | Staff of Sanctuary |
| 17:42 | Potion of Healing |
| 17:42 | Potion of Mana |
| 18:01 | Siege Engine |
| 18:08 | Black Gunpowder |
| 18:29 | Priest Adept Training |
| 18:32 | Animal War Training |
| 19:32 | Siege Engine |
| 19:32 | Siege Engine |
| 19:32 | Siege Engine |
| 19:49 | Scroll of Regeneration |
| 19:53 | Mass Teleport |
| 20:33 | Barrage |
| 20:33 | Siege Engine |
| 20:33 | Siege Engine |
| 21:10 | Sorceress Adept Training |
| 21:11 | Sorceress |
| 21:14 | Lesser Clarity Potion |
| 21:20 | Knight |
| 21:40 | Knight |
| 21:42 | Refined Gunpowder |
| 22:16 | Scroll of Town Portal |
| 23:19 | Scroll of Town Portal |
| 24:21 | Town Hall |
| 24:28 | Siege Engine |
| 24:31 | Scroll of Regeneration |
| 24:36 | Town Hall |
| 24:40 | Scout Tower |
| 24:43 | Scout Tower |
| 24:45 | Scout Tower |
| 24:51 | Siege Engine |
| 25:09 | Scroll of Town Portal |
| 26:24 | Guard Tower |
| 26:33 | Peasant |
| 26:33 | Peasant |
| 28:36 | Town Hall |
| 28:50 | Abolish Magic |
| 28:50 | Dryad |
| 28:50 | Dryad |
| Right click | 1062 |
| Select | 695 |
| Select group | 159 |
| Build/train/purchase | 149 |
| Assign group | 49 |
| Use ability | 36 |
| Item give/drop | 3 |
| Misc. action | 2 |
| Minimap ping | 2 |
⇛